 Dungeon Crawl Stone Soup version 0.30.1 (webtiles) character file.

Game seed: 2205638921236662640

30 shmup the Firebug (level 3, -2/20 HPs)
             Began as a Tengu Fire Elementalist on July 9, 2023.
             Slain by Terence
             ... wielding a +0 flail
              (6 damage)
             ... on level 2 of the Dungeon.
             The game lasted 00:03:07 (994 turns).

shmup the Firebug (Tengu Fire Elementalist)          Turns: 994, Time: 00:03:08

Health: -2/20      AC:  2    Str:  8    XL:     3   Next: 18%
Magic:  3/7        EV: 12    Int: 17    God:
Gold:   123        SH:  0    Dex: 14    Spells: 3/6 levels left

rFire   . . .        a - +1 long sword (freeze)
rCold   . . .        (no shield)
rNeg    . . .        l - +0 robe
rPois   .            (helmet restricted)
rElec   .            (no cloak)
rCorr   .            (no gloves)
SInv    .            (boots unavailable)
Will    .....        (no amulet)
Stlth   ++           (no ring)
HPRegen 0.23/turn    (no ring)
MPRegen 0.10/turn

%: no passive effects
@: very slightly contaminated
A: beak, talons 3
a: no special abilities


You were on level 2 of the Dungeon.
You visited 1 branch of the dungeon, and saw 2 of its levels.

You collected 123 gold pieces.

Inventory:

Hand Weapons
 a - a +1 long sword of freezing (weapon)
 b - a +0 dagger
Missiles
 e - 15 stones (quivered)
Armour
 l - a +0 robe (worn)
Scrolls
 d - a scroll of teleportation {unknown}
 f - 2 scrolls of brand weapon {unknown}
 k - 3 scrolls of enchant armour {unknown}
Potions
 c - a potion of lignification {unknown}
 g - 2 potions of magic
 h - a potion of ambrosia {unknown}
 i - a potion of brilliance {unknown}
 j - 2 potions of heal wounds {unknown}


   Skills:
 - Level 1.0 Fighting
 + Level 2.4 Dodging
 + Level 2.2 Stealth
 + Level 2.2 Spellcasting
 + Level 2.0 Conjurations
 * Level 3.7 Fire Magic


You had 3 spell levels left.
You knew the following spells:

 Your Spells              Type           Power      Damage    Failure   Level
a - Foxfire               Conj/Fire      44%        2x1d6     6%          1
b - Scorch                Fire           28%        2d6       6%          2

Your spell library contained the following spells:

 Spells                   Type           Power      Damage    Failure   Level
 Inner Flame              Hex/Fire       8%         N/A       26%         3
 Volatile Blastmotes      Fire/Tloc      16%        2d11      26%         3
 Flame Wave               Conj/Fire      11%        2d6       50%         4


Dungeon Overview and Level Annotations

Branches:
Dungeon (2/15)

Altars:

Annotations:
D:2 Terence


Innate Abilities, Weirdness & Mutations

You have a beak for a mouth.
You have claws for feet.


Message History

Your Conjurations skill increases to level 2!
You have reached level 3!
Your experience leads to an increase in your attributes!
Increase (s)trength, (i)ntelligence, or (d)exterity?
You feel clever. x2
Memorise Scorch, consuming 2 spell levels and leaving 3?
You start memorising the spell.
You continue memorising. x2
You finish memorising.
Spell assigned to 'b'.
You see here an adder corpse.
A quokka comes into view.
A quokka is nearby!
The quokka closely misses you.
You closely miss the quokka. Your kick misses the quokka.
Your peck misses the quokka. The quokka barely misses you.
The quokka closely misses you.
You slash the quokka! You freeze the quokka.
You kill the quokka!
You see here a quokka corpse.
Terence the Incautious comes into view.
He is wielding a +0 flail.
Terence shouts!
Casting: Foxfire (safe; 6% risk of failure)
Confirm with . or Enter, or press ? or * to list all spells.
You miscast Scorch.
You are very lightly contaminated with residual magic.
Nothing appears to happen.
Terence closely misses you.
You barely miss Terence. You claw Terence. You peck Terence, but do no damage.
Terence is lightly wounded.
Terence completely misses you.
Casting: Scorch (safe; 6% risk of failure)
Confirm with . or Enter, or press ? or * to list all spells.
Flames lash Terence but do no damage.
Terence hits you with a +0 flail!
* * * LOW HITPOINT WARNING * * *
You closely miss Terence. You peck Terence, but do no damage.
Terence is lightly wounded.
Terence hits you with a +0 flail.
* * * LOW HITPOINT WARNING * * *
Terence hits you with a +0 flail.
* * * LOW HITPOINT WARNING * * *
Terence attacks as you move away! Terence hits you with a +0 flail.
You die...

.▒ ▒......▒ .▒
▒....>.▒ ▒. ▒......▒
▒. ▒.▒....▒
▒▒▒▒▒.▒▒▒ ▒▒▒.▒▒.▒.▒
.......▒ ▒.%......▒
▒.....▒▒▒▒▒.▒▒▒▒▒▒▒▒
▒....▒........▒
▒.▒.▒Q▒▒▒.▒▒.▒
▒...@.....▒ ▒
▒.▒.▒.▒▒▒▒▒
▒.......▒........
▒▒▒▒▒.▒▒▒▒▒▒▒▒▒▒▒ ▒.
▒


You could see Terence.

Vanquished Creatures
  An adder (D:2)
  A dart slug (D:1)
  A bat (D:1)
  An endoplasm (D:1)
  2 giant cockroaches (D:1)
  A goblin (D:1)
  2 hobgoblins
  A quokka (D:2)
  2 frilled lizards (D:1)
  2 kobolds (D:1)
  6 rats
20 creatures vanquished.

Vanquished Creatures (others)
  13 foxfires (D:1)
13 creatures vanquished.

Grand Total: 33 creatures vanquished

Notes
Turn   | Place    | Note
-------+----------+-------------------------------------------
     0 | D:1      | shmup the Tengu Fire Elementalist began the quest for the
                  | Orb.
     0 | D:1      | Reached XP level 1. HP: 10/10 MP: 4/4
   306 | D:1      | Reached XP level 2. HP: 16/16 MP: 3/6
   683 | D:1      | Reached skill level 1 in Fighting
   958 | D:2      | Reached XP level 3. HP: 20/20 MP: 7/7
   961 | D:2      | Learned a level 2 spell: Scorch
   986 | D:2      | Noticed Terence
   994 | D:2      | Slain by Terence

Illustrated notes

Levels and vault maps discovered:
D:1:      giann_wishing_wells, layout_loops_ring
D:2:      layout_loops_corners, uniq_terence, uniq_robin

Skill      XL: |  1  2 |
---------------+-------+-----
Fighting       | 1 |  1.0
Conjurations   | 2 |  2.0
Dodging        | |  2.4
Stealth        | |  2.2
Spellcasting   | |  2.2
Fire Magic     | |  3.7

Action                     || total
---------------------------++-------
  Melee: Unarmed           ||    23
         Kick              ||    10
         Peck              ||     8
         Dagger            ||    27
         Long sword        ||     8
         Punch             ||     1
   Cast: Foxfire           ||     9
         Scorch            ||     1
   Stab: Sleeping          ||     5
 Armour: Robe              ||    16
  Dodge: Dodged            ||    37
